 Dungeon Crawl Stone Soup version 0.31.0-32-g396128a36d (webtiles) character file.

Game seed: 4436219516395172972

7 Peloso the Trooper (level 1, -3/20 HPs)
             Began as a Minotaur Fighter on Apr 6, 2024.
             Frozen to death by an endoplasm (5 damage)
             ... on level 1 of the Dungeon.
             The game lasted 00:00:17 (86 turns).

Peloso the Trooper (Minotaur Fighter)                 Turns: 86, Time: 00:00:17

Health: -3/20      AC:  7    Str: 20    XL:     1   Next: 91%
Magic:  0/0        EV:  9    Int:  5    God:
Gold:   0          SH:  4    Dex:  9    Spells: 0/0 levels left

rFire   . . .        a - +0 long sword
rCold   . . .        c - +0 buckler
rNeg    . . .        b - +0 scale mail
rPois   .            (helmet restricted)
rElec   .            (no cloak)
rCorr   .            (no gloves)
SInv    .            (no boots)
Will    .....        (no amulet) Stlth
                     (no ring)
HPRegen 0.23/turn    (no ring)
MPRegen 0.07/turn

%: no passive effects
@: no status effects
A: horns 2, retaliatory headbutt
a: no special abilities


You were on level 1 of the Dungeon.
You visited 1 branch of the dungeon, and saw 1 of its levels.

Inventory:

Hand Weapons
 a - a +0 long sword (weapon)
Armour
 b - a +0 scale mail (worn)
 c - a +0 buckler (worn)
Potions
 d - a potion of might


   Skills:
 + Level 4.0 Fighting
 + Level 2.4 Long Blades
 + Level 3.7 Armour
 + Level 3.7 Shields


You couldn't memorise any spells.
You didn't know any spells.
Your spell library was empty.

Dungeon Overview and Level Annotations

Branches:
Dungeon (1/15)

Altars:


Innate Abilities, Weirdness & Mutations

You have a pair of horns on your head.
You reflexively headbutt those who attack you in melee.


Message History

You miss the frilled lizard.
The endoplasm jiggles.
The endoplasm closely misses you.
The frilled lizard bites you but does no damage.
You closely miss the frilled lizard. The endoplasm barely misses you.
You block the frilled lizard's attack. The endoplasm barely misses you.
The kobold throws a stone.
The stone barely misses you. The frilled lizard barely misses you.
You furiously retaliate!
You headbutt the frilled lizard!
You kill the frilled lizard!
The endoplasm freezes you.
You are frozen.
The kobold throws a stone.
The stone hits you but does no damage. The endoplasm barely misses you.
There is a stone staircase leading down here.
The dart slug launches a dart at you. The slug dart hits you.
The endoplasm hits you.
The dart slug briefly extends its eye-stalks.
The endoplasm jiggles.
The endoplasm freezes you.
You are frozen.
* * * LOW HITPOINT WARNING * * *
You block the dart slug's attack.
The endoplasm attacks as it pursues you!
The endoplasm barely misses you. The kobold attacks as it pursues you!
The kobold hits you but does no damage.
The kobold throws a stone.
The stone closely misses you. The endoplasm freezes you.
You are frozen.
* * * LOW HITPOINT WARNING * * *
You hit the endoplasm but do no damage.
You headbutt the endoplasm, but do no damage.
The endoplasm completely misses you. The endoplasm freezes you.
You are frozen.
* * * LOW HITPOINT WARNING * * *
You hit the endoplasm but do no damage. The endoplasm freezes you.
You are frozen.
You die...

..........#
..........#
....w..>..+
..........####
.............#
#######w.....#
#....#..
#.#############.##.###
#....@JKw.w...w.......
###############..#.###
#...........#
#.#####..#..#
#.#......#..#
#........# .#
####.#.#.###..# .#
...#.#..>.....# ###
#..#.####..#..#..#


You could see 2 dart slugs, an endoplasm and a kobold.

Vanquished Creatures
  A giant cockroach (D:1)
  3 kobolds (D:1)
  2 frilled lizards (D:1)
  A rat (D:1)
7 creatures vanquished.

Notes
Turn   | Place    | Note
-------+----------+-------------------------------------------
     0 | D:1      | Peloso the Minotaur Fighter began the quest for the Orb.
     0 | D:1      | Reached XP level 1. HP: 19/19 MP: 0/0
    62 | D:1      | Reached skill level 4 in Fighting
    86 | D:1      | Frozen to death by an endoplasm

Illustrated notes

Levels and vault maps discovered:
D:1:      wander_arrival_lonely_grave, layout_basic,
          minmay_misc_feat_secret_circle

Skill      XL: |  1 |
---------------+----+-----
Fighting       | 4 |  4.0
Long Blades    | |  2.4
Armour         | |  3.7
Shields        | |  3.7

Action                     || total
---------------------------++-------
  Melee: Long sword        ||    12
         Headbutt          ||     2
 Armour: Scale mail        ||    14
  Dodge: Dodged            ||    17
  Block: Buckler           ||     4
